 Seeded DCSS version 0.30.1-4-g462c640d31 (webtiles) character file.

Game seed: 6351066067085065685 (custom seed)

410 Esekla the Grave Robber (level 6, -2/32 HPs)
             Began as a Deep Elf Necromancer on Aug 18, 2023.
             Was a Follower of Vehumet.
             Slain by an iguana (8 damage)
             ... on level 5 of the Dungeon on Aug 19, 2023.
             The game lasted 00:14:43 (3416 turns).

Esekla the Grave Robber (Deep Elf Necromancer)      Turns: 3416, Time: 00:14:44

Health: -2/32      AC:  4    Str:  5    XL:     6   Next: 58%
Magic:  16/16      EV: 13    Int: 22    God:    Vehumet [*.....]
Gold:   195        SH:  0    Dex: 15    Spells: 7/15 levels left

rFire   . . .        a - +2 dagger (vamp)
rCold   . . .        (no shield)
rNeg    . . .        n - +0 robe
rPois   .            h - +0 helmet
rElec   .            (no cloak)
rCorr   .            k - +0 pair of gloves
SInv    .            (no boots)
Will    .....        z - amulet of magic regeneration
Stlth   ++           (no ring)
HPRegen 0.25/turn    (no ring)
MPRegen 0.55/turn

%: no passive effects
@: no status effects
A: no striking features
a: Renounce Religion


You were on level 5 of the Dungeon.
You worshipped Vehumet.
Vehumet was aware of your devotion.
You visited 1 branch of the dungeon, and saw 5 of its levels.

You collected 195 gold pieces.

Inventory:

Hand Weapons
 a - a +2 vampiric dagger (weapon)
 r - a +0 spear
 s - the +5 rapier of the Hero {heavy, rN+ Dex+3}
   (You found it on level 3 of the Dungeon)

   Dex:       It affects your dexterity (+3).
   rN:        It protects you from negative energy.
Missiles
 t - 9 poisoned darts (quivered)
Armour
 h - a +0 helmet (worn)
 k - a +0 pair of gloves (worn)
 n - a +0 robe (worn)
Jewellery
 z - an amulet of magic regeneration (around neck)
Wands
 m - a wand of roots (9)
Scrolls
 d - a scroll of blinking {unknown}
 e - a scroll of fear {unknown}
 g - 4 scrolls of identify {unknown}
 l - a scroll of immolation {unknown}
 p - a scroll of fog {unknown}
 u - a scroll of enchant armour {unknown}
 v - a scroll of amnesia {unknown}
 w - 2 scrolls of enchant weapon {unknown}
 x - a scroll of silence {unknown}
 y - a scroll of magic mapping {unknown}
Potions
 b - a potion of magic
 c - a potion of haste {unknown}
 f - a potion of attraction
 i - a potion of mutation {unknown}
 j - 2 potions of curing
 o - a potion of heal wounds {unknown}
 q - 3 potions of brilliance {unknown}
 A - a potion of lignification {unknown}


   Skills:
 + Level 2.3 Short Blades
 + Level 0.2 Throwing
 * Level 4.0 Dodging
 + Level 3.1 Stealth
 * Level 5.4 Spellcasting
 * Level 6.7 Necromancy
 * Level 1.2 Translocations


You had 7 spell levels left.
You knew the following spells:

 Your Spells              Type           Power      Damage    Failure   Level
a - Necrotise             Necr           100%       1d9       1%          1
b - Sandblast             Erth           10%        2d5       10%         1
d - Vampiric Draining     Necr           35%        2d8       1%          3
t - Teleport Other        Tloc           11%        N/A       17%         3

Your spell library contained the following spells:

 Spells                   Type           Power      Damage    Failure   Level
 Animate Dead             Necr           35%        N/A       6%          4
 Lesser Beckoning         Tloc           22%        N/A       9%          2
 Gell's Gravitas          Tloc           11%        N/A       17%         3
 Agony                    Necr           35%        N/A       17%         5
 Spider Form              Tmut/Pois      5%         N/A       28%         3
 Cause Fear               Hex            2%         N/A       67%         4
 Summon Mana Viper        Hex/Summ       5%         N/A       95%         5


Dungeon Overview and Level Annotations

Branches:
Dungeon (5/15)
 Temple: D:4-7

Altars:
Dithmenos
Hepliaklqana
Okawaru
Qazlal
Trog
Vehumet
Zin
The Shining One

Shops:
D:2 =   D:4 (


Message History

You finish putting on your amulet of magic regeneration.
z - an amulet of magic regeneration (around neck)
An adder comes into view.
The adder hisses angrily.
You see here a smoky cyan potion.
A - a smoky cyan potion The adder bites you but does no damage.
You barely miss the adder. The adder closely misses you.
You hit the adder.
The adder is heavily wounded.
The adder bites you.
You closely miss the adder.
The adder is moderately wounded.
The adder bites you.
You hit the adder.
You feel better.
The adder is severely wounded.
The adder completely misses you. The adder barely misses you.
You closely miss the adder.
The adder is severely wounded.
The adder completely misses you.
You miss the adder.
The adder is severely wounded.
The adder bites you.
You hit the adder.
You feel better.
You kill the adder!
Vehumet accepts your kill.
You see here an adder corpse.
An iguana comes into view.
An iguana is nearby!
Found a stone staircase leading up.
An iguana comes into view.
The iguana hisses angrily.
You closely miss the iguana.
An adder comes into view.
The iguana bites you! The iguana attacks as you move away!
The iguana bites you! The iguana attacks as you move away!
The iguana bites you.
* * * LOW HITPOINT WARNING * * *
The iguana attacks as you move away! The iguana bites you!
You die...

.# ###### .#
.....# #.##
.###....
##...###l .#
..## #..#..<..
'###..# ##....#
_###..#
##....##
'###..####
######S....# .#
#.#...
#...@l.....#
.###..#
#.####.....#
......# #.#
##...## #.#.#.#
#.###.######.##
#.....#
#............#
#####.#
#####.########
#####.# #.#
......# #.#
####### #.#


You could see an iguana and an adder.

Vanquished Creatures
  A black bear (D:2)
  A gnoll bouda (D:4)
  A hound (D:3)
  An iguana (D:2)
  12 gnolls
  5 adders
  A worm (D:4)
  3 dart slugs
  7 orcs
  6 ball pythons
  4 bats
  4 endoplasms
  8 goblins
  5 hobgoblins
  A quokka (D:1)
  4 frilled lizards
  5 kobolds
  A rat (D:2)
70 creatures vanquished.

Notes
Turn   | Place    | Note
-------+----------+-------------------------------------------
     0 | D:1      | Esekla the Deep Elf Necromancer began the quest for the
                  | Orb.
     0 | D:1      | Reached XP level 1. HP: 10/10 MP: 6/6
   164 | D:1      | Reached skill level 5 in Necromancy
   278 | D:2      | You fall into a shaft and drop 2 floors!
   285 | D:4      | Found a radiant altar of Vehumet.
   296 | D:4      | Found an iron altar of Okawaru.
   307 | D:4      | Found a glowing silver altar of Zin.
   409 | D:4      | Became a worshipper of Vehumet
   496 | D:3      | Reached XP level 2. HP: 15/15 MP: 8/8
   615 | D:3      | Identified the +5 rapier of the Hero {heavy, rN+ Dex+3}
   757 | D:2      | Found Renulab's Jewellery Shop.
   968 | D:1      | Reached XP level 3. HP: 19/19 MP: 9/9
   972 | D:1      | Learned a level 3 spell: Vampiric Draining
  1321 | D:2      | Noticed a black bear
  1344 | D:2      | Reached XP level 4. HP: 24/24 MP: 9/11
  1362 | D:2      | Found a faded altar of an unknown god.
  1391 | D:2      | Reached * piety under Vehumet
  1391 | D:2      | Offered knowledge of Sandblast by Vehumet.
  1400 | D:2      | Reached skill level 1 in Short Blades
  1503 | D:2      | Killed a black bear
  1504 | D:2      | Reached skill level 6 in Necromancy
  1504 | D:2      | Reached XP level 5. HP: 27/28 MP: 2/13
  2118 | D:3      | Learned a level 1 spell: Sandblast
  2126 | D:3      | Learned a level 3 spell: Teleport Other
  2335 | D:3      | Found a stormy altar of Qazlal.
  2337 | D:3      | Found a bloodstained altar of Trog.
  2369 | D:3      | Found a hazy altar of Hepliaklqana.
  2525 | D:4      | Found Ponaysk's Antique Weapon Boutique.
  2687 | D:4      | Found a glowing golden altar of the Shining One.
  2719 | D:4      | Reached XP level 6. HP: 25/32 MP: 5/15
  2762 | D:4      | Reached skill level 5 in Spellcasting
  3253 | D:4      | Reached skill level 1 in Translocations
  3312 | D:5      | Entered Level 5 of the Dungeon
  3320 | D:5      | Got the Parchment of the Lumpy Olives
  3338 | D:5      | Found a shadowy altar of Dithmenos.
  3416 | D:5      | Slain by an iguana

Illustrated notes

Levels and vault maps discovered:
D:1:      sevenhm_arrival_forest_fort_small_3, layout_rooms,
          chequers_serial_rivers_room_b, minmay_misc_feat_five
D:2:      layout_loops_ring, dreamdust_ecumenical_altar_angels_and_demons,
          serial_shops, shop
D:3:      layout_basic, grunt_temple_overflow_open, minmay_misc_feat_iff
D:4:      layout_basic, nicolae_overflow_quartered_altars, serial_shops,
          nicolae_diamond_shop
D:5:      layout_loops_ring, lemuel_doored_altar, minmay_misc_feat_rows,
          dreamdust_wishing_well

Skill      XL: |  1  2  3  4  5  6 |
---------------+-------------------+-----
Necromancy     | 5 6 |  6.7
Dodging        | 3 4 |  4.0
Short Blades   | 1 2 |  2.3
Spellcasting   | 4 5 |  5.4
Stealth        | 3 |  3.1
Translocations | 1 |  1.2
Throwing       | |  0.2

Action                     |  1- 3 |  4- 6 || total
---------------------------+-------+-------++-------
  Melee: Short sword       |    17 |       ||    17
         Unarmed           |     9 |       ||     9
         Dagger            |    77 |   146 ||   223
         Rapier            |     2 |       ||     2
         Punch             |       |     1 ||     1
  Throw: Dart              |       |     5 ||     5
   Cast: Vampiric Draining |     3 |    24 ||    27
    Use: Potion            |     2 |       ||     2
   Stab: Sleeping          |     1 |     3 ||     4
 Armour: Robe              |    26 |    19 ||    45
  Dodge: Dodged            |    60 |    74 ||   134
